[ PARTIDA AOE2 · #505151205 ]
UnrankedChinos vs Goths
Equipo del jugador · VICT
Equipo rival · DERR
[ ANÁLISIS DE REPETICIÓN · EXTRAÍDO DE LA PARTIDA GRABADA ]
Feudal
8:34
Castillos
18:02
Imperial
—
| APM promedio | 44.5 |
| APM pico | 67 |
| eAPM promedio | 18.9 |
| Aldeanos / militares | 31 / 13 |
Foco
⚔️ 42.0% · 🌾 58.0%
Archer ×11 · Knight ×2
Feudal
13:09
Castillos
17:47
Imperial
—
| APM promedio | 65.9 |
| APM pico | 96 |
| eAPM promedio | 36.1 |
| Aldeanos / militares | 70 / 5 |
Foco
⚔️ 41.7% · 🌾 58.3%
Militia ×5
Mapa de la partida
Recursos iniciales + cada clic de construcción. Líneas = muros · curvas = relieve. ◆ oro · ⬟ piedra · ● bayas · ✦ reliquia · ◌ hueco del cierre
Tu base· Abierta — hueco de 4t
Base de ranked· Abierta — hueco de 3t
Terreno inicial suavizado · ◌ = hueco del cierre detectado · pasá el cursor para detalles
Inputs por minuto
— G-Dragon - - ranked
Build order — G-Dragon
91 acciones detectadas en el replay
| 0:02 | Investigar | Loom |
| 0:44 | Crear | Villager (Male) |
| 1:16 | Crear | Villager (Male) |
| 1:42 | Crear | Villager (Male) |
| 2:10 | Construir | Lumber Camp |
| 2:13 | Crear | Villager (Male) |
| 2:13 | Crear | Villager (Male) |
| 3:01 | Crear | Villager (Male) |
| 3:17 | Construir | House |
| 3:28 | Crear | Villager (Male) |
| 3:53 | Crear | Villager (Male) |
| 3:53 | Crear | Villager (Male) |
| 4:33 | Crear | Villager (Male) |
| 4:51 | Construir | Mining Camp |
| 5:04 | Crear | Villager (Male) |
| 5:29 | Crear | Villager (Male) |
| 5:36 | Construir | House |
| 5:39 | Construir | House |
| 5:52 | Crear | Villager (Male) |
| 6:10 | Construir | House |
| 6:24 | Investigar | Feudal Age |
| 6:25 | Investigar | Feudal Age |
| 7:03 | Construir | Palisade Wall |
| 7:05 | Construir | Palisade Wall |
| 7:34 | Construir | Barracks |
| 8:20 | Crear | Villager (Male) |
| 8:34 | Edad | Edad Feudal |
| 8:39 | Construir | Archery Range |
| 9:03 | Investigar | Double-Bit Axe |
| 9:08 | Crear | Villager (Male) |
| 9:21 | Crear | Villager (Male) |
| 9:24 | Crear | Archer |
| 9:25 | Construir | House |
| 9:29 | Construir | House |
| 9:32 | Crear | Archer |
| 9:49 | Crear | Villager (Male) |
| 9:58 | Construir | Mill |
| 10:09 | Crear | Archer |
| 10:30 | Crear | Villager (Male) |
| 10:45 | Crear | Archer |
| 10:49 | Crear | Villager (Male) |
| 11:04 | Crear | Archer |
| 11:17 | Crear | Villager (Male) |
| 11:18 | Construir | Blacksmith |
| 11:49 | Crear | Villager (Male) |
| 12:02 | Crear | Archer |
| 12:18 | Crear | Villager (Male) |
| 12:22 | Construir | Farm |
| 12:29 | Construir | Farm |
| 12:31 | Construir | Farm |
| 12:33 | Construir | Farm |
| 12:38 | Crear | Villager (Male) |
| 12:48 | Crear | Archer |
| 12:53 | Construir | Farm |
| 13:05 | Crear | Villager (Male) |
| 13:20 | Crear | Villager (Male) |
| 13:22 | Construir | Farm |
| 13:27 | Crear | Archer |
| 13:39 | Crear | Villager (Male) |
| 13:56 | Construir | Farm |
| 13:58 | Construir | Farm |
| 14:14 | Construir | Farm |
| 14:26 | Crear | Villager (Male) |
| 14:32 | Construir | House |
| 14:35 | Investigar | Town Watch |
| 15:05 | Construir | Farm |
| 15:22 | Investigar | Castle Age |
| 15:22 | Investigar | Castle Age |
| 15:36 | Construir | Stable |
| 15:41 | Construir | House |
| 15:42 | Construir | House |
| 15:50 | Investigar | Gold Mining |
| 16:01 | Investigar | Fletching |
| 16:46 | Investigar | Horse Collar |
| 17:09 | Construir | Farm |
| 17:13 | Crear | Villager (Male) |
| 17:21 | Crear | Archer |
| 17:21 | Crear | Archer |
| 17:58 | Crear | Villager (Male) |
| 18:02 | Edad | Edad de los Castillos |
| 18:05 | Investigar | Crossbowman (upgrade) |
| 18:07 | Investigar | Bow Saw |
| 18:08 | Investigar | Bodkin Arrow |
| 18:08 | Investigar | Bodkin Arrow |
| 18:19 | Crear | Villager (Male) |
| 18:32 | Construir | Town Center |
| 18:47 | Crear | Villager (Male) |
| 19:07 | Investigar | Wheelbarrow |
| 19:10 | Crear | Knight |
| 19:10 | Crear | Knight |
| 19:13 | Crear | Archer |
Build order — ranked
105 acciones detectadas en el replay
| 0:00 | Crear | Villager (Male) |
| 0:01 | Crear | Villager (Male) |
| 0:01 | Crear | Villager (Male) |
| 0:01 | Crear | Villager (Male) |
| 0:02 | Construir | House |
| 0:04 | Construir | House |
| 1:18 | Crear | Villager (Male) |
| 1:18 | Crear | Villager (Male) |
| 1:39 | Crear | Villager (Male) |
| 1:40 | Crear | Villager (Male) |
| 2:05 | Crear | Villager (Male) |
| 2:05 | Crear | Villager (Male) |
| 2:31 | Crear | Villager (Male) |
| 2:31 | Crear | Villager (Male) |
| 2:42 | Construir | House |
| 3:17 | Construir | Barracks |
| 3:19 | Crear | Villager (Male) |
| 3:25 | Crear | Villager (Male) |
| 3:41 | Crear | Villager (Male) |
| 4:10 | Crear | Militia |
| 4:42 | Crear | Villager (Male) |
| 4:42 | Crear | Villager (Male) |
| 4:50 | Crear | Militia |
| 4:54 | Construir | House |
| 5:07 | Crear | Villager (Male) |
| 5:15 | Crear | Militia |
| 5:29 | Crear | Villager (Male) |
| 5:32 | Construir | Lumber Camp |
| 5:44 | Crear | Militia |
| 5:57 | Crear | Villager (Male) |
| 6:23 | Crear | Villager (Male) |
| 6:27 | Construir | House |
| 6:46 | Crear | Villager (Male) |
| 6:47 | Crear | Villager (Male) |
| 6:47 | Crear | Villager (Male) |
| 7:14 | Crear | Villager (Male) |
| 7:22 | Construir | Mill |
| 7:35 | Crear | Villager (Male) |
| 7:43 | Crear | Villager (Male) |
| 7:43 | Crear | Villager (Male) |
| 7:43 | Crear | Villager (Male) |
| 7:43 | Crear | Villager (Male) |
| 7:44 | Crear | Villager (Male) |
| 7:44 | Crear | Villager (Male) |
| 8:02 | Crear | Villager (Male) |
| 8:02 | Crear | Villager (Male) |
| 8:15 | Construir | House |
| 8:24 | Crear | Villager (Male) |
| 8:37 | Construir | Mining Camp |
| 8:53 | Construir | Farm |
| 9:15 | Crear | Villager (Male) |
| 9:15 | Crear | Villager (Male) |
| 9:22 | Crear | Villager (Male) |
| 9:30 | Crear | Militia |
| 9:43 | Crear | Villager (Male) |
| 9:50 | Construir | Mining Camp |
| 10:03 | Construir | Farm |
| 10:31 | Crear | Villager (Male) |
| 10:32 | Crear | Villager (Male) |
| 10:32 | Crear | Villager (Male) |
| 10:46 | Crear | Villager (Male) |
| 10:46 | Crear | Villager (Male) |
| 10:50 | Construir | Farm |
| 10:57 | Investigar | Feudal Age |
| 11:34 | Construir | Palisade Wall |
| 11:50 | Crear | Villager (Male) |
| 12:25 | Crear | Villager (Male) |
| 12:31 | Construir | House |
| 12:57 | Crear | Villager (Male) |
| 13:09 | Edad | Edad Feudal |
| 13:14 | Construir | Blacksmith |
| 13:27 | Crear | Villager (Male) |
| 13:33 | Construir | Market |
| 13:35 | Investigar | Loom |
| 13:40 | Crear | Villager (Male) |
| 14:12 | Crear | Villager (Male) |
| 14:28 | Construir | Palisade Wall |
| 14:42 | Crear | Villager (Male) |
| 15:00 | Investigar | Castle Age |
| 15:00 | Investigar | Castle Age |
| 15:11 | Crear | Villager (Male) |
| 15:26 | Crear | Villager (Male) |
| 15:42 | Construir | Watch Tower |
| 15:43 | Crear | Villager (Male) |
| 15:55 | Crear | Villager (Male) |
| 15:55 | Crear | Villager (Male) |
| 16:23 | Crear | Villager (Male) |
| 16:23 | Crear | Villager (Male) |
| 16:29 | Crear | Villager (Male) |
| 16:29 | Crear | Villager (Male) |
| 16:49 | Construir | Watch Tower |
| 16:59 | Crear | Villager (Male) |
| 17:00 | Crear | Villager (Male) |
| 17:16 | Construir | Watch Tower |
| 17:17 | Crear | Villager (Male) |
| 17:23 | Crear | Villager (Male) |
| 17:24 | Crear | Villager (Male) |
| 17:32 | Construir | House |
| 17:44 | Crear | Villager (Male) |
| 17:45 | Crear | Villager (Male) |
| 17:47 | Edad | Edad de los Castillos |
| 18:25 | Construir | Town Center |
| 18:27 | Crear | Villager (Male) |
| 18:27 | Crear | Villager (Male) |
| 18:33 | Crear | Villager (Male) |
Cronología de la partida
| 3:17 | ranked · first_building Barracks |
| 7:03 | G-Dragon · wall_segment Palisade Wall x1 |
| 7:05 | G-Dragon · wall_segment Palisade Wall x1 |
| 7:34 | G-Dragon · first_building Barracks |
| 8:34 | G-Dragon · age_up feudal |
| 8:39 | G-Dragon · first_building Archery Range |
| 11:34 | ranked · wall_segment Palisade Wall x5 |
| 13:09 | ranked · age_up feudal |
| 14:28 | ranked · wall_segment Palisade Wall x3 |
| 14:35 | ranked · first_market_sell 100 stone |
| 14:37 | ranked · first_market_buy 100 food |
| 15:36 | G-Dragon · first_building Stable |
| 17:47 | ranked · age_up castle |
| 18:02 | G-Dragon · age_up castle |
| 19:14 | ranked · resign |
[ ANÁLISIS IA · 1 CRÉDITO ]
¿Qué pasó realmente en esta partida?
Wolo.gg analiza cada decisión: build order, eco, micro, errores típicos por bracket. Análisis personalizado por WhatsApp o Discord en 30 segundos.
Guía civ
Chinos
Perfil
Jugador #438920